AoeStats
← FingerDash_262

Arabia

507720002Analyzed
3v3 RM · 13d ago on Sep 19, 2026· 15m 36s· 6 players
Game mode
Random Map
Map size
Normal (6 player)
Population
200
Speed
Normal
Resources
Standard
Victory
Conquest
Starting age
Dark Age
Ending age
Imperial Age
RankedLock teamsTeams togetherTeam positionsShared explorationLock speedFull tech treeHidden civsTurbo modeCheats
Victory
Defeat
🇧🇷 Britons · Brazil
1435
+5
🇧🇷 Saracens · Brazil
1193
+13
🇧🇷 Britons · Brazil
1075
+19
🇺🇸 Japanese · United States
1262
-16
🇺🇸 Britons · United States
1240
-16
🇨🇦 Khmer · Canada
921
-5
Mongolito7366
5:53 Loom
5:58 Loom
9:07 Feudal Age
15:00 Fletching
GENERAL STORM
8:13 Loom
10:26 Feudal Age
11:09 Man-at-Arms
13:46 Arson
SgtSpookjohnson
4:47 Loom
13:24 Feudal Age
12:46 Loom
17:14 Castle Age
SirT_LaGzero
4:08 Loom
10:58 Feudal Age
12:49 Fletching
XIII-Hanomontano
7:07 Loom
9:48 Feudal Age
12:37 Fletching
FingerDash_262
7:56 Loom
10:14 Feudal Age
10:53 Double-Bit Axe
12:08 Scale Barding Armor
12:27 Horse Collar
13:03 Town Watch
Connection lost

Rejoining the realm…

Still unreachable

The connection could not be restored.

Session expired

The server has moved on; the page needs a fresh start.